 Dungeon Crawl Stone Soup version 0.30.0-17-ge0270778cf (webtiles) character file.

Game seed: 16738351859636201312

1284 Firecrotchwizard the Spear-Bearer (level 8, 0/58 HPs)
             Began as a Merfolk Fighter on May 21, 2023.
             Was a Follower of Hepliaklqana.
             Killed from afar by Maggie (15 damage)
             ... with a bolt of fire
             ... on level 6 of the Dungeon.
             The game lasted 00:11:10 (5915 turns).

Firecrotchwizard the Spear-Bearer (Merfolk Fighter) Turns: 5915, Time: 00:11:11

Health: 0/58       AC:  6    Str: 18    XL:     8   Next: 55%
Magic:  8/8        EV: 14    Int:  8    God:    Hepliaklqana [*.....]
Gold:   407        SH: 10    Dex: 13    Spells: 7/7 levels left

rFire   . . .        a - +0 trident
rCold   . . .        c - +0 buckler
rNeg    + . .        b - +0 scale mail
rPois   .            (no helmet)
rElec   .            (no cloak)
rCorr   .            (no gloves)
SInv    .            (no boots)
Will    .....        u - amulet of reflection Stlth
                     r - +5 ring of evasion
HPRegen 0.29/turn    h - ring of positive energy
MPRegen 0.11/turn

%: reflection
@: no status effects
A: reduced essence, (nimble swimmer 2), mertail
a: Renounce Religion, Recall Ancestor, Ancestor Identity


You were on level 6 of the Dungeon.
You worshipped Hepliaklqana.
Hepliaklqana was aware of your devotion.
You visited 2 branches of the dungeon, and saw 7 of its levels.

You collected 407 gold pieces.

Inventory:

Hand Weapons
 a - a +0 trident (weapon)
 o - a +4 spear
 A - a +0 halberd
Missiles
 g - 14 boomerangs (quivered)
Armour
 b - a +0 scale mail (worn)
 c - a +0 buckler (worn)
Jewellery
 h - a ring of positive energy (right hand)
 r - a +5 ring of evasion (left hand)
 u - an amulet of reflection (around neck)
 C - an amulet of magic regeneration
Wands
 q - a wand of iceblast (11)
 w - a wand of charming (7)
 E - a wand of flame (16)
Scrolls
 f - 2 scrolls of blinking {unknown}
 i - 5 scrolls of teleportation {unknown}
 j - 4 scrolls of identify {unknown}
 l - a scroll of amnesia {unknown}
 n - a scroll of vulnerability {unknown}
 t - 2 scrolls of fear {unknown}
 v - a scroll of magic mapping {unknown}
 y - a scroll of immolation {unknown}
 D - a scroll of noise {unknown}
Potions
 d - 2 potions of might
 e - a potion of cancellation {unknown}
 k - a potion of degeneration {unknown}
 m - a potion of haste {unknown}
 p - a potion of curing {unknown}
 s - 2 potions of lignification {unknown}
 x - a potion of heal wounds
 z - a potion of resistance {unknown}
 B - a potion of mutation {unknown}


   Skills:
 + Level 6.4 Fighting
 * Level 9.7 Polearms
 - Level 2.1 Armour
 + Level 5.8 Shields


You had 7 spell levels left.
You didn't know any spells.
Your spell library contained the following spells:

 Spells                   Type           Power      Damage    Failure   Level
 Apportation              Tloc           0%         N/A       86%         1
 Necrotise                Necr           0%         1d4       86%         1
 Summon Small Mammal      Summ           0%         N/A       86%         1


Dungeon Overview and Level Annotations

Branches:
Dungeon (6/15)             Temple (1/1) D:4

Altars:
Cheibriados
Dithmenos
Elyvilon
Fedhas
Gozag
Hepliaklqana
Makhleb
Nemelex Xobeh
Okawaru
Qazlal
Ru
Uskayaw
Vehumet
Xom
Yredelemnul
Zin
The Shining One

Shops:
D:3 ?

Annotations:
D:6 Maggie


Innate Abilities, Weirdness & Mutations

Your life essence is reduced to manifest your ancestor. (-10% HP)
((You are very nimble when in or above water. (Stealth+, EV+, Speed+++)))
Your lower body shifts to a powerful aquatic tail in water.


Message History

You are no longer corroded.
You now have 407 gold pieces (gained 9).
You see here a +0 helmet.
Maggie the Vainglorious comes into view.
She is wielding a +0 broad axe of flaming.
Maggie shouts!
You start waiting.
Maggie is nearby!
You reach to attack!
You barely miss Maggie.
Unknown command.
Pops hits Maggie.
You puncture Maggie!
Maggie is lightly wounded.
You block Maggie's attack.
Maggie hits Pops with a +0 broad axe of flaming.
Maggie burns Pops.
Pops hits Maggie.
You closely miss Maggie.
Maggie is lightly wounded.
Maggie hits you with a +0 broad axe of flaming.
Maggie burns you.
Maggie hits Pops with a +0 broad axe of flaming.
Maggie burns Pops.
Pops hits Maggie but does no damage.
You hit Maggie.
Maggie is moderately wounded.
Maggie casts a spell.
Maggie attempts to bespell you! You resist with almost no effort.
You hit Maggie.
Maggie is moderately wounded.
Pops hits Maggie but does no damage.
You hit Maggie.
Maggie is heavily wounded.
Maggie hits you with a +0 broad axe of flaming!
Maggie burns you.
Maggie barely misses Pops.
Pops hits Maggie.
You hit Maggie but do no damage.
Maggie is heavily wounded.
You block Maggie's attack.
Maggie hits Pops with a +0 broad axe of flaming.
Maggie burns Pops.
Pops hits Maggie but does no damage.
You closely miss Maggie.
Maggie is heavily wounded.
Maggie casts a spell at you. The bolt of fire hits you!
* * * LOW HITPOINT WARNING * * *
Pops completely misses Maggie.
You puncture Maggie!
Maggie is heavily wounded.
Maggie hits you with a +0 broad axe of flaming!
* * * LOW HITPOINT WARNING * * *
Maggie burns you.
* * * LOW HITPOINT WARNING * * *
Maggie barely misses Pops.
Pops barely misses Maggie.
You barely miss Maggie.
Maggie is heavily wounded.
You block Maggie's attack.
Maggie hits Pops but does no damage.
Pops hits Maggie!
Unknown command.
You barely miss Maggie.
Maggie is severely wounded.
Maggie hits you with a +0 broad axe of flaming.
* * * LOW HITPOINT WARNING * * *
Maggie burns you.
* * * LOW HITPOINT WARNING * * *
Maggie hits Pops with a +0 broad axe of flaming.
Maggie burns Pops.
You hit Maggie.
Maggie is severely wounded.
Pops hits Maggie.
Maggie hits Pops with a +0 broad axe of flaming!
Maggie burns Pops.
Pops is destroyed!
You block Maggie's attack.
Maggie shouts!
Unknown command.
You hit Maggie but do no damage.
Maggie is almost dead.
You hear a shout!
You hit Maggie but do no damage.
Maggie is almost dead.
You block Maggie's attack.
Unknown command.
You barely miss Maggie.
Maggie is almost dead.
Maggie mumbles some strange words.
Maggie attempts to bespell you!
You easily resist.
You hit Maggie but do no damage.
Maggie is almost dead.
An orc comes into view. It is wielding a +0 trident.
Maggie barely misses you.
Unknown command.
You closely miss Maggie.
Maggie is almost dead.
Maggie barely misses you.
Unknown command.
You hit Maggie but do no damage.
Maggie is almost dead.
You barely miss Maggie.
Maggie is almost dead.
Maggie smiles, but it's obviously fake.
Maggie gestures at you while chanting. The bolt of fire hits you!
You die...

#. #.# #.# ##.# #.##.#
#.# #.# #..[.# #.# #..
###..# #)# ###
#..#####.#
#.#####........########
...........#...........
#.#####..##.######.....
##@..##.# #.#.##
###.@..##.# #.#.#
#...#o....# #.#.#
#$#....##.# #.#.#
#.##.#.#...# #.#.# #
#.#..# . #.#.# #.#.##
..... ..## ..#.# .@


You could see Maggie and an orc.

Vanquished Creatures
  An ice beast (D:6)
  A black bear (D:5)
  A centaur (D:6)
  An ogre (D:4)
  A phantom (D:5)
  2 wights (D:6)
  A howler monkey (D:6)
  3 hounds
  3 jellies
  2 gnoll boudas
  An orc priest (D:5)
  2 iguanas (D:4)
  An orc wizard (D:4)
  18 gnolls
  7 adders
  3 ufetubi
  3 worms (D:2)
  A dart slug (D:4)
  11 orcs
  8 endoplasms
  3 giant cockroaches
  10 hobgoblins
  3 jackals (D:1)
  4 quokkas
  7 ball pythons
  4 bats
  6 frilled lizards
  7 goblins
  7 kobolds
  4 rats
126 creatures vanquished.

Vanquished Creatures (collateral kills)
  A shadow imp (D:6)
1 creature vanquished.

Vanquished Creatures (others)
  2 ancestors (D:6)
2 creatures vanquished.

Grand Total: 129 creatures vanquished

Notes
Turn   | Place    | Note
-------+----------+-------------------------------------------
     0 | D:1      | Firecrotchwizard the Merfolk Fighter began the quest for
                  | the Orb.
     0 | D:1      | Reached XP level 1. HP: 18/18 MP: 1/1
    14 | D:1      | Noticed an electric eel
    82 | D:1      | Reached skill level 3 in Polearms
   118 | D:1      | Reached XP level 2. HP: 23/24 MP: 2/2
   336 | D:1      | Reached XP level 3. HP: 26/29 MP: 3/3
   570 | D:2      | Reached skill level 4 in Polearms
  1088 | D:2      | Reached XP level 4. HP: 32/37 MP: 4/4
  1326 | D:3      | Found a radiant altar of Vehumet.
  1408 | D:3      | Found Uchaw's Magic Scroll Shoppe.
  1491 | D:3      | Found a faded altar of an unknown god.
  2342 | D:3      | Reached skill level 5 in Polearms
  2735 | D:4      | Reached XP level 5. HP: 40/42 MP: 5/5
  2921 | D:4      | Found a sparkling altar of Nemelex Xobeh.
  2969 | D:4      | Found a staircase to the Ecumenical Temple.
  3040 | Temple   | Entered the Ecumenical Temple
  3046 | Temple   | Became a worshipper of Hepliaklqana the Forgotten
  3133 | D:4      | Found a burning altar of Makhleb.
  3325 | D:5      | Entered Level 5 of the Dungeon
  3421 | D:4      | Reached XP level 6. HP: 49/49 MP: 6/6
  3430 | D:5      | Reached skill level 6 in Polearms
  4102 | D:4      | Reached skill level 5 in Fighting
  4115 | D:5      | Reached skill level 7 in Polearms
  4115 | D:5      | Reached XP level 7. HP: 53/56 MP: 7/7
  4430 | D:4      | Reached skill level 5 in Shields
  4432 | D:4      | Reached skill level 8 in Polearms
  4588 | D:5      | Reached XP level 8. HP: 63/64 MP: 8/8
  4596 | D:5      | Found a hide-covered altar of Uskayaw.
  4675 | D:5      | Found an opulent altar of Gozag.
  5496 | D:6      | Reached skill level 9 in Polearms
  5617 | D:6      | Reached * piety under Hepliaklqana
  5890 | D:6      | Noticed Maggie
  5915 | D:6      | Killed from afar by Maggie

Illustrated notes

Levels and vault maps discovered:
D:1:      arrival_aquarium_a, layout_rooms, kennysheep_flooded_box
D:2:      layout_loops_cross, minmay_tromino_v2
D:3:      layout_basic, fiery_altar_vehumet, serial_shops, nicolae_diamond_shop,
          hellmonk_ecumenical_altar_arch_garden, grunt_ministairs_4,
          dk_noncrumbling_2
D:4:      layout_rooms, makhleb_blood_cavern_becter,
          nemelex_diamond_rough_becter, minmay_temple_entry_nine_rooms,
          dreamdust_princess_corridor, kennysheep_generic_room_10
D:5:      layout_layer_cave, grunt_gozag_statues,
          nicolae_uskayaw_murder_on_the_dancefloor,
          eino_small_chamber_without_monster
D:6:      layout_loops_ring, mainiacjoe_overflow_alcove_2, serial_shops, shop,
          uniq_maggie
Temple:   nicolae_temple_no_exploring_needed

Skill      XL: |  1  2  3  4  5  6  7  8 |
---------------+-------------------------+-----
Polearms       | 3 4 5 7 8 9 |  9.7
Fighting       | 4 5 6 |  6.4
Shields        | 4 5 |  5.8
Armour         | |  2.1

Action                     |  1- 3 |  4- 6 |  7- 9 || total
---------------------------+-------+-------+-------++-------
  Melee: Trident           |   139 |    69 |   137 ||   345
         Spear             |       |   147 |    73 ||   220
 Invoke: Ancestor Identity |       |       |     1 ||     1
    Use: Potion            |       |     1 |       ||     1
 Armour: Scale mail        |    39 |    43 |    25 ||   107
  Dodge: Dodged            |    32 |    96 |    74 ||   202
  Block: Buckler           |    19 |    89 |    71 ||   179
         Reflection        |       |     2 |       ||     2
